 Dungeon Crawl Stone Soup version 0.17.1-2-g5865329 (console) character file.

172 utis the Grasshopper (level 5, 0/22 HPs)
             Began as a Felid Warper on Feb 15, 2016.
             Slain by a scorpion (7 damage)
             ... on level 4 of the Dungeon.
             The game lasted 00:12:15 (4993 turns).

utis the Grasshopper (Felid Warper)                 Turns: 4993, Time: 00:12:15

Health: 0/22       AC:  2    Str:  7    XL:     5   Next: 27%
Magic:  9/9        EV: 20    Int: 14    God:
Gold:   178        SH:  0    Dex: 18    Spells: 4 memorised, 0 levels left
                                        Lives:  0   Deaths: 1

rFire  + . .     SeeInvis +       - Unarmed
rCold  . . .     Clarity  .     (armour unavailable)
rNeg   . . .     SustAt   .     (shield unavailable)
rPois  .         Gourm    .     (helmet unavailable)
rElec  .         Spirit   .     (cloak unavailable)
rCorr  .         Warding  .     (gloves unavailable)
rMut   .         Stasis   .     (boots unavailable)
MR     .....                    (no amulet)
Stlth  +++.......               (no ring)
                                F - ring of protection from fire

@: lethally poisoned (0 -> -5), quick, not resistant to hostile enchantments,
fairly stealthy
A: no armour, no weapons or thrown items, claws 1, fangs 3, see invisible,
carnivore 3, speed 1, shaggy fur 2, slow metabolism 1, sharp paws
a: no special abilities


You were on level 4 of the Dungeon.
You were full.

You visited 1 branch of the dungeon, and saw 4 of its levels.

You collected 178 gold pieces.

Inventory:

Armour
 s - a +0 helmet
Jewellery
 F - a ring of protection from fire (left paw)
Scrolls
 b - a scroll of blinking
 h - a scroll of recharging
 q - a scroll of immolation {unknown}
 r - a scroll of identify {unknown}
Potions
 d - 2 potions of heal wounds {unknown}
 e - a potion of mutation {unknown}
 f - 2 potions of curing {unknown}
 i - a potion of flight {unknown}
 j - a potion of cancellation {unknown}
 k - a potion of invisibility {unknown}
 l - 2 potions of brilliance {unknown}
 m - a potion of poison {unknown}
 n - 2 potions of haste {unknown}
 o - a potion of resistance {unknown}
Books
 a - a book of Spatial Translocations

   Spells                             Type                      Level
   a - Apportation                    Translocation                1
   b - Blink                          Translocation                2
   c - Shroud of Golubria             Charms/Translocation         2
   d - Portal Projectile              Translocation                3
   e - Teleport Other                 Translocation                3
   f - Passage of Golubria            Translocation                4
Comestibles
 c - 3 meat rations {@e1}
 g - a beef jerky {@e2}


   Skills:
 - Level 2.0 Fighting
 - Level 4.1 Dodging
 - Level 3.3 Stealth
 - Level 5.3 Unarmed Combat
 - Level 2.0 Spellcasting
 + Level 5.5 Translocations


You couldn't memorise any spells.
You knew the following spells:

 Your Spells              Type           Power        Failure   Level  Hunger
g - Shroud of Golubria    Chrm/Tloc      #.........   14%         2    ###....
v - Blink                 Tloc           N/A          3%          2    ###....
A - Apportation           Tloc           ###.......   2%          1    ##.....
Z - Teleport Other        Tloc           ###.....     10%         3    ####...


Dungeon Overview and Level Annotations

Branches:
Dungeon (4/15)
 Temple: D:4-7

Altars:
Cheibriados
Qazlal
Yredelemnul

Annotations:
D:3 exclusion: goblin
D:4 exclusion: 3 slaves, Pikel


Innate Abilities, Weirdness & Mutations

You cannot wear armour.
You are incapable of wielding weapons or throwing items.
You have sharp claws.
You have razor-sharp teeth.
You have supernaturally acute eyesight.
You are carnivorous and can eat meat at any time.
You cover ground quickly.
You are covered in thick fur (AC +2).
You have a slow metabolism.
Your sharp claws are effective at attacking unaware monsters.


Message History

* * * LOW HITPOINT WARNING * * *
You feel sick. The scorpion misses you.
You scratch the scorpion.
The scorpion is heavily wounded.
The scorpion barely misses you.
You closely miss the scorpion.
The scorpion is heavily wounded.
* * * LOW HITPOINT WARNING * * *
You feel sick.
You scratch the scorpion but do no damage.
The scorpion is heavily wounded.
The scorpion completely misses you.
You scratch the scorpion. You bite the scorpion.
The scorpion is severely wounded.
* * * LOW HITPOINT WARNING * * *
You feel sick. The scorpion closely misses you.
You barely miss the scorpion.
The scorpion is severely wounded.
The scorpion stings you!
You die...

░░░░░░.......░........
..................s..
.............░......
░░░░░░.............
░............s
░........>...
░........░'░
░░░░░░........░s░░░░.░
.........░.░░.░.h....░
░........░.░░.░.░░░░░░
░..........░...........
░..................░░░░
......................
░........░░............
░........░░............
░........░░............
░░░░░░░░░░░............


You could see a scorpion.

Vanquished Creatures
  A scorpion (D:4)
  A giant frog skeleton (D:4)
  3 orc wizards
  A worker ant (D:4)
  A hound skeleton (D:4)
  4 adders
  4 oozes
  3 worms
  3 giant geckos
  9 orcs
  11 hobgoblins
  4 jackals (D:1)
  5 bats
  A giant cockroach (D:3)
  5 giant newts
  12 goblins
  4 kobolds
  3 quokkas
  5 rats
80 creatures vanquished.

Notes
Turn   | Place    | Note
--------------------------------------------------------------
     0 | D:1      | utis the Felid Warper began the quest for the Orb.
     0 | D:1      | Reached XP level 1. HP: 9/9 MP: 4/4
   174 | D:1      | Reached XP level 2. HP: 8/13 MP: 6/6
   315 | D:1      | Learned a level 2 spell: Shroud of Golubria
   318 | D:1      | Learned a level 2 spell: Blink
   585 | D:1      | Reached skill level 1 in Stealth
  1269 | D:1      | Reached XP level 3. HP: 6/16 MP: 7/7
  2145 | D:2      | Found a snail-covered altar of Cheibriados.
  2500 | D:3      | Reached XP level 4. HP: 10/19 MP: 8/8
  3697 | D:3      | Found a basalt altar of Yredelemnul.
  3959 | D:3      | Reached XP level 5. HP: 19/22 MP: 9/9
  4123 | D:3      | Learned a level 3 spell: Teleport Other
  4312 | D:4      | Noticed Pikel
  4312 | D:4      | Noticed a slave
  4312 | D:4      | Noticed a slave
  4341 | D:4      | Reached skill level 5 in Unarmed Combat
  4384 | D:4      | Found a stormy altar of Qazlal.
  4645 | D:4      | Gained mutation: You are covered in thick fur (AC +2). [Felid growth]
  4645 | D:4      | Reached XP level 6. HP: 17/26 MP: 8/10
  4811 | D:4      | Reached skill level 5 in Translocations
  4931 | D:4      | Slain by an orc wizard
  4932 | D:4      | Reached XP level 5. HP: 0/22 MP: 9/9
  4954 | D:4      | Noticed a slave
  4993 | D:4      | Slain by a scorpion

Action                   |  1- 3 |  4- 6 || total
-------------------------+-------+-------++-------
Melee: Unarmed           |   142 |   134 ||   276
 Cast: Shroud of Golubri |     3 |    15 ||    18
  Use: Scroll            |     4 |       ||     4
 Stab: Sleeping          |     7 |     7 ||    14
  Eat: Chunk             |    10 |     9 ||    19
